 Dungeon Crawl Stone Soup version 0.29.1-13-g9f3cf754e1 (webtiles) character file.

Game seed: 8717613766099828706

20 Atlar the Trooper (level 2, 0/27 HPs)
             Began as a Hill Orc Fighter on Jan 22, 2023.
             Slain by a rat (2 damage)
             ... on level 1 of the Dungeon.
             The game lasted 00:03:51 (319 turns).

Atlar the Trooper (Hill Orc Fighter)                 Turns: 319, Time: 00:03:52

Health: 0/27       AC:  6    Str: 18    XL:     2   Next: 79%
Magic:  2/2        EV:  9    Int:  8    God:
Gold:   29         SH:  4    Dex: 10    Spells: 1/1 levels left

rFire   . . .      SeeInvis .   a - +0 war axe
rCold   . . .      Faith    .   c - +0 buckler
rNeg    . . .      Spirit   .   b - +0 scale mail
rPois   .          Reflect  .   (no helmet)
rElec   .          Harm     .   (no cloak)
rCorr   .          Rampage  .   (no gloves)
Will    .....                   (no boots)
Stlth   ..........              (no amulet)
HPRegen 0.09/turn               (no ring)
MPRegen 0.08/turn               (no ring)

@: mighty, hasted, very quick
A: no striking features
a: no special abilities


You were on level 1 of the Dungeon.
You visited 1 branch of the dungeon, and saw 2 of its levels.

You collected 29 gold pieces.

Inventory:

Hand Weapons
 a - a +0 war axe (weapon)
Missiles
 i - 2 stones (quivered)
Armour
 b - a +0 scale mail (worn)
 c - a +0 buckler (worn)
Scrolls
 f - a scroll of silence {unknown}
 g - a scroll of butterflies {unknown}
 h - a scroll of teleportation {unknown}


   Skills:
 + Level 4.0 Fighting
 + Level 3.1 Axes
 + Level 3.5 Armour
 + Level 3.5 Shields


You had one spell level left.
You didn't know any spells.
Your spell library contained the following spells:

 Spells                   Type           Power      Damage    Failure   Level
 Sandblast                Erth           0%         2d4       87%         1
 Passwall                 Tmut/Erth      0%         N/A       95%         2
 Stone Arrow              Conj/Erth      0%         3d7       99%         3


Dungeon Overview and Level Annotations

Branches:
Dungeon (2/15)

Altars:

Annotations:
D:2 Robin, Terence


Message History

The goblin shoots a sling bullet.
The sling bullet barely misses you. The hobgoblin attacks as you move away!
The hobgoblin hits you but does no damage.
Robin roars a battlecry!
The goblins go into a battle-frenzy!
The goblin shoots a sling bullet.
The sling bullet closely misses you. The hobgoblin attacks as you move away!
The hobgoblin hits you but does no damage.
Robin roars a battlecry!
You hear a shout!
You are too injured to fight recklessly!
You slice the hobgoblin!!
You kill the hobgoblin!
Terence hits you from afar with a +0 trident. x2
* * * LOW HITPOINT WARNING * * *
Your Fighting skill increases to level 4!
It was a potion of haste.
You feel yourself speed up.
A goblin comes into view. It is wielding a +0 club.
The goblin shouts!
The goblin shoots a sling bullet.
The sling bullet hits you.
* * * LOW HITPOINT WARNING * * *
The goblin shoots a sling bullet.
The sling bullet barely misses you.
Found a stone staircase leading up.
Found 7 stones.
Terence shouts, "Now you die!"
There is a stone staircase leading up here.
You climb upwards.
The goblin shouts!
You hear a shout!
There is a stone staircase leading down here.
You are too injured to fight recklessly!
You barely miss the rat. The rat barely misses you.
You barely miss the rat. The rat bites you.
* * * LOW HITPOINT WARNING * * *
You barely miss the rat. You block the rat's attack.
You barely miss the rat. The rat closely misses you.
You closely miss the rat. You block the rat's attack.
You closely miss the rat. The rat closely misses you.
You barely miss the rat. The rat misses you.
You barely miss the rat. The rat bites you.
You die...

#.# ## #.
#.~####.#####
#.
#≈~..........
..
#≈~.###.#####
#. ≈ #.####
#. #....# #.
# #..#.#
#.#####...#
#..#.##
#.@rg.....#
##≈...#
########.##
#≈~... ##≈†..
#.≈## ####.##
#≈≈~.#≈
###≈.#≈ #≈.≈≈
#.≈≈#


You could see a goblin and a rat.

Vanquished Creatures
  An adder (D:2)
  A bat (D:2)
  3 giant cockroaches (D:2)
  2 hobgoblins
  A quokka (D:2)
  A ball python (D:1)
  A rat (D:2)
10 creatures vanquished.

Notes
Turn   | Place    | Note
-------+----------+-------------------------------------------
     0 | D:1      | Atlar the Hill Orc Fighter began the quest for the Orb.
     0 | D:1      | Reached XP level 1. HP: 19/19 MP: 1/1
   188 | D:1      | You fall into a shaft and drop 1 floor!
   249 | D:2      | Reached XP level 2. HP: 26/27 MP: 2/2
   275 | D:2      | Noticed Terence
   287 | D:2      | Noticed Robin
   293 | D:2      | Reached skill level 4 in Fighting
   319 | D:1      | Slain by a rat

Illustrated notes

Levels and vault maps discovered:
D:1:      dpeg_arrival_shelter, layout_loops_ring, serial_rivers,
          chequers_serial_rivers_small_a, chequers_serial_rivers_small_b,
          chequers_serial_rivers_room_b, chequers_serial_rivers_micro_e,
          chequers_serial_rivers_micro_c
D:2:      layout_rooms, minmay_worlds_worst_comb, uniq_robin, uniq_terence

Skill      XL: |  1  2 |
---------------+-------+-----
Axes           | 3 |  3.1
Fighting       | 4 |  4.0
Armour         | |  3.5
Shields        | |  3.5

Action                   || total
-------------------------++-------
Melee: War axe           ||    40
  Use: Potion            ||     2
Armor: Scale mail        ||    21
Dodge: Dodged            ||    25
Block: Buckler           ||    12
